 Dungeon Crawl Stone Soup version 0.28.0-43-g3370ac3207 (webtiles) character file.

Game seed: 550343198348798438

29 Kaptain the Digger (level 3, -2/20 HPs)
             Began as a Gargoyle Earth Elementalist on Mar 18, 2022.
             Killed from afar by Sigmund (5 damage)
             ... with a puff of flame
             ... on level 2 of the Dungeon.
             The game lasted 00:02:18 (1497 turns).

Kaptain the Digger (Gargoyle Earth Elementalist)    Turns: 1497, Time: 00:02:18

Health: -2/20      AC:  5    Str: 11    XL:     3   Next: 16%
Magic:  6/6        EV: 12    Int: 17    God:
Gold:   44         SH:  0    Dex: 10    Spells: 2/6 levels left

rFire   . . .      SeeInvis .   d - +0 dagger
rCold   . . .      Faith    .   (no shield)
rNeg    + . .      Spirit   .   b - +0 robe
rPois   ∞          Reflect  .   (no helmet)
rElec   +          Harm     .   (no cloak)
rCorr   .          Rampage  .   (no gloves)
Will    .....                   (no boots)
Stlth   ++........              (no amulet)
HPRegen 0.06/turn               (no ring)
MPRegen 0.10/turn               (no ring)

@: flying
A: sickness immunity, AC +3, negative energy resistance 1, electricity
resistance, torment resistance 1, petrification resistance
a: no special abilities


You were on level 2 of the Dungeon.
You visited 1 branch of the dungeon, and saw 2 of its levels.

You collected 44 gold pieces.

Inventory:

Hand Weapons
 d - a +0 dagger (weapon)
Missiles
 c - 47 stones
 f - 12 sling bullets
Armour
 b - a +0 robe (worn)
Scrolls
 e - a scroll of teleportation {unknown}
 g - a scroll of amnesia {unknown}


   Skills:
 * Level 1.0 Fighting
 + Level 0.6 Armour
 + Level 1.7 Dodging
 - Level 2.1 Stealth
 * Level 2.2 Spellcasting
 * Level 1.3 Conjurations
 - Level 0.7 Transmutations
 * Level 3.9 Earth Magic


You had 2 spell levels left.
You knew the following spells:

 Your Spells              Type           Power      Damage    Failure   Level
a - Sandblast             Erth           30%        2d9       3%          1
b - Stone Arrow           Conj/Erth      20%        3d8       19%         3

Your spell library contained the following spells:

 Spells                   Type           Power      Damage    Failure   Level
 Passwall                 Tmut/Erth      7%         N/A       11%         2
 Petrify                  Tmut/Erth      9%         N/A       58%         4


Dungeon Overview and Level Annotations

Branches:
Dungeon (2/15)

Altars:

Annotations:
D:2 Sigmund


Innate Abilities, Weirdness & Mutations

You are immune to sickness and miasma.
Your stone body is resilient. (AC +3)
You are immune to poison.
You resist negative energy. (rN+)
You are resistant to electric shocks. (rElec)
You are resistant to unholy torment.
You are immune to petrification.


Message History

The blast of sand hits the jackal.
You kill the jackal!
Casting: Sandblast (safe; 3% risk of failure)
Confirm with . or Enter, or press ? or * to list all spells.
Aiming: Sandblast (safe; 3% risk of failure)
Press: ? - help, Shift-Dir - straight line, f - jackal
Aim: a jackal (74% to hit)
The blast of sand hits the jackal!
You kill the jackal!
This spell is extremely dangerous to cast!
Memorise Stone Arrow, consuming 3 spell levels and leaving 2?
You start memorising the spell.
You continue memorising. x3
Sigmund shouts!
You finish memorising.
Spell assigned to 'b'.
Sigmund is nearby!
Unknown command.
Sigmund gestures at you while chanting. The puff of flame hits you.
Sigmund points at you and mumbles some strange words.
You resist with significant effort. Sigmund casts a spell at you.
The magic dart hits you. Sigmund casts a spell at you.
The puff of flame misses you.
Sigmund points at you and mumbles some strange words.
You are confused.
You see here a bat corpse.
It was a potion of flight.
You feel very buoyant.
You fly up into the air.
You bump into the rock wall.
You're too confused to move!
You're too confused to move!
You feel less confused. Sigmund gestures at you while chanting.
The puff of flame hits you!
* * * LOW HITPOINT WARNING * * *
Sigmund casts a spell at you. The puff of flame hits you.
You die...

# #@# #.#
#.# # #.#
#.# #.#
####.# #.#
#.# .....#
#.# #@#
###### #.#
#.# # ###
#.# # #.# #
#.# . #@# #
#.#
#.##########
#.......)..#
##########.#
#.# #.# #.#
#.#


You could see Sigmund.

Vanquished Creatures
  2 dart slugs (D:1)
  3 bats
  4 endoplasms (D:1)
  A goblin (D:1)
  A hobgoblin (D:1)
  4 jackals (D:2)
  3 ball pythons (D:1)
  A frilled lizard (D:1)
  2 kobolds
21 creatures vanquished.

Notes
Turn   | Place    | Note
-------+----------+-------------------------------------------
     0 | D:1      | Kaptain the Gargoyle Earth Elementalist began the quest for
                  | the Orb.
     0 | D:1      | Reached XP level 1. HP: 10/10 MP: 3/3
   333 | D:1      | Reached XP level 2. HP: 16/16 MP: 1/5
   756 | D:1      | Reached skill level 1 in Conjurations
  1056 | D:1      | Found a faded altar of an unknown god.
  1339 | D:2      | Reached skill level 1 in Fighting
  1339 | D:2      | Reached XP level 3. HP: 19/20 MP: 4/6
  1441 | D:2      | Noticed Sigmund
  1445 | D:2      | Learned a level 3 spell: Stone Arrow
  1497 | D:2      | Killed from afar by Sigmund

Illustrated notes

Levels and vault maps discovered:
D:1:      amcnicky_arrival_single_pillar, layout_basic,
          hellmonk_ecumenical_altar_leap_of_faith, serial_bayou_pond_d,
          minmay_strange_pillars
D:2:      layout_loops_ring, uniq_crazy_yiuf_cottage, uniq_sigmund

Skill      XL: |  1  2 |
---------------+-------+-----
Conjurations   | 1 |  1.3
Fighting       | 1 |  1.0
Armour         | |  0.6
Dodging        | |  1.7
Stealth        | |  2.1
Spellcasting   | |  2.2
Transmutations | |  0.7
Earth Magic    | |  3.9

Action                   || total
-------------------------++-------
Melee: Unarmed           ||     8
       Dagger            ||     8
 Cast: Sandblast         ||    31
  Use: Potion            ||     1
Armor: Robe              ||    11
Dodge: Dodged            ||    26
